 Dungeon Crawl Stone Soup version 0.19.5 (webtiles) character file.

109 Azzok the Archer (level 4, 0/36 HPs)
             Began as a Centaur Hunter on May 29, 2017.
             Slain by a hound (4 damage)
             ... on level 3 of the Dungeon.
             The game lasted 00:06:31 (3977 turns).

Azzok the Archer (Centaur Hunter)                   Turns: 3977, Time: 00:06:32

Health: 0/36       AC:  9    Str: 16    XL:     4   Next: 59%
Magic:  4/4        EV:  4    Int: 10    God:
Gold:   174        SH:  0    Dex:  9    Spells: 0 memorised, 3 levels left

rFire  + . .     SeeInvis .     b - +0 short sword
rCold  + . .     Gourm    .     w - +2 chain mail {rF+}
rNeg   . . .     Faith    .     (no shield)
rPois  .         Spirit   .     (no helmet)
rElec  .         Reflect  .     (no cloak)
rCorr  .         Harm     .     (no gloves)
MR     .....                    (no barding)
Stlth  ..........               (no amulet)
                                l - ring of flight
                                i - ring of protection from cold

@: heavily drained, very quick
A: hooves 3, deformed body, speed 2, tough skin 3
a: Evoke Flight


You were on level 3 of the Dungeon.
You were hungry.

You visited 1 branch of the dungeon, and saw 4 of its levels.

You collected 174 gold pieces.

Inventory:

Hand Weapons
 a - a +1 shortbow
 b - a +0 short sword (weapon)
Missiles
 d - 37 arrows
Armour
 w - a +2 chain mail of fire resistance (worn)
Jewellery
 i - a ring of protection from cold (left hand)
 l - a ring of flight (right hand)
Scrolls
 h - 3 scrolls of teleportation {unknown}
 j - 3 scrolls of enchant weapon {unknown}
 k - 3 scrolls of remove curse {unknown}
 n - a scroll of fog {unknown}
 q - a scroll of amnesia {unknown}
 t - 2 scrolls of identify {unknown}
Potions
 c - a potion of beneficial mutation {unknown}
 e - a potion of brilliance
 r - a potion of resistance {unknown}
 u - 2 potions of haste {unknown}
Comestibles
 f - 2 bread rations {@e1}
 g - 2 meat rations {@e2}
 o - a slice of pizza
 s - a beef jerky
 v - 5 fruits


   Skills:
 - Level 2.0(0.8) Fighting
 * Level 8.0(6.6) Bows
 - Level 1.3(0.2) Dodging
 - Level 0.4(0.0) Stealth


You had 3 spell levels left.
You didn't know any spells.

Dungeon Overview and Level Annotations

Branches:
Dungeon (4/15)
 Temple: D:4-7

Altars:
Ru
Vehumet


Innate Abilities, Weirdness & Mutations

You have hooves in place of feet.
Armour fits poorly on your strangely shaped body.
You cover ground very quickly.
You have extremely tough skin. (AC +3)


Message History

You hit the hound.
The hound is severely wounded.
The hound bites you but does no damage. x2
You miss the hound.
The hound is severely wounded.
The hound bites you but does no damage. The hound bites you.
* * * LOW HITPOINT WARNING * * *
You take 2 damage, and have 6/36 hp.
You hit the hound. You kick the hound, but do no damage.
The hound is almost dead.
The hound bites you but does no damage.
You hit the hound but do no damage.
The hound is almost dead.
The hound bites you but does no damage. The hound bites you.
* * * LOW HITPOINT WARNING * * *
You take 2 damage, and have 4/36 hp.
Your chain mail prevents you from hitting the hound.
The hound is almost dead.
The hound barely misses you. The hound bites you.
You die...

···········▒ ▒▒▒
▒▒▒▒·▒▒▒▒▒·▒▒▒▒▒·▒ ▒·▒
▒▒▒'▒·[···▒ ▒▒▒ ▒·▒
▒·······▒·▒ ▒·· ▒·▒
▒·······▒·▒ ▒·▒ ▒·▒
▒·······▒·▒ ▒·▒ ▒·▒
▒·······▒·▒▒▒▒▒▒▒▒▒ ▒·▒ ▒·▒
▒▒▒╬▒·············▒▒▒▒▒▒··
▒·▒▒▒·····▒▒▒@················
▒···'·····╬·h···▒▒▒▒▒)▒·······
▒▒▒▒▒·····▒▒▒·▒·▒ ▒·▒·▒▒▒▒▒▒
▒·····▒ ▒·▒·▒▒▒▒▒·▒·▒▒▒▒▒▒
▒·····▒ ▒·················
▒·····▒ ▒▒▒·▒▒▒▒▒·▒·▒▒▒▒▒▒
▒·····▒ ▒·▒ ▒·▒·▒ ▒·····▒ ▒·▒
▒·▒·▒ ▒·····▒▒▒▒▒'▒▒▒▒▒·▒·▒


You could see a hound.

Vanquished Creatures
  4 adders
  A dart slug (D:2)
  A worm (D:2)
  3 leopard geckos (D:2)
  7 orcs
  A ball python (D:1)
  6 bats
  3 giant cockroaches
  11 goblins
  6 hobgoblins
  A quokka (D:3)
  2 frilled lizards
  6 kobolds
  8 rats
60 creatures vanquished.

Notes
Turn   | Place    | Note
-------+----------+-------------------------------------------
     0 | D:1      | Azzok the Centaur Hunter began the quest for the Orb.
     0 | D:1      | Reached XP level 1. HP: 17/17 MP: 1/1
   268 | D:1      | Reached XP level 2. HP: 17/24 MP: 2/2
   456 | D:1      | Reached skill level 6 in Bows
   836 | D:2      | Found a radiant altar of Vehumet.
   904 | D:2      | Reached XP level 3. HP: 10/29 MP: 3/3
   935 | D:2      | HP: 1/29 [poisoned by an adder]
   940 | D:2      | HP: 1/29 [poisoned by an adder]
  1433 | D:2      | Found a faded altar of an unknown god.
  1809 | D:2      | Reached skill level 7 in Bows
  2652 | D:3      | Reached XP level 4. HP: 26/36 MP: 4/4
  3160 | D:3      | Found a sacrificial altar of Ru.
  3943 | D:4      | Reached skill level 8 in Bows
  3977 | D:3      | Slain by a hound

Skill      XL: |  1  2  3  4 |
---------------+-------------+-----
Bows           | 6 7 8 |  8.0
Fighting       | |  2.0
Dodging        | |  1.3
Stealth        | |  0.4

Action                   |  1- 3 |  4- 6 || total
-------------------------+-------+-------++-------
Melee: Short sword       |   194 |   114 ||   308
       Kick              |    38 |    21 ||    59
  Use: Potion            |     2 |     1 ||     3
 Stab: Invisible         |     1 |       ||     1
  Eat: Chunk             |     5 |     3 ||     8
Armor: Leather armour    |    49 |       ||    49
       Chain mail        |    74 |    80 ||   154
Dodge: Dodged            |    76 |    36 ||   112
